 Dungeon Crawl Stone Soup version 0.19.1 (webtiles) character file.

3094 glosham the Grappler (level 9, -8/89 HPs)
             Began as a Troll Berserker on Dec 1, 2016.
             Was a Priest of Trog.
             Mangled by Joseph
             ... wielding a +3 quarterstaff of pain
              (11 damage)
             ... on level 10 of the Dungeon.
             The game lasted 00:25:13 (1118 turns).

glosham the Grappler (Troll Berserker)              Turns: 1118, Time: 00:25:13

Health: -8/89      AC:  7    Str: 27    XL:     9   Next: 59%
Magic:  17/17      EV: 16    Int:  4    God:    Trog [***...]
Gold:   191        SH:  0    Dex: 16    Spells: 0 memorised, 8 levels left

rFire  . . .     SeeInvis .       - Unarmed
rCold  . . .     Gourm    +     a - +0 animal skin
rNeg   . . .     Faith    .     (no shield)
rPois  .         Spirit   .     (helmet restricted)
rElec  .         Reflect  .     (no cloak)
rCorr  .         Harm     .     (gloves unavailable)
MR     .....                    (boots unavailable)
Stlth  ++........               (no amulet)
                                B - ring of magical power (curse)
                                A - +2 ring of protection

@: agile, exhausted, slowed, very slow
A: unfitting armour, claws 3, fast metabolism 3, gourmand, regeneration 1,
shaggy fur 1, tough skin 2
a: Berserk, Trog's Hand, Burn Spellbooks, Renounce Religion


You were on level 10 of the Dungeon.
You worshipped Trog.
Trog was most pleased with you.
You were very full.

You visited 1 branch of the dungeon, and saw 11 of its levels.

You collected 191 gold pieces.

Inventory:

Hand Weapons
 b - a +1 blowgun
 c - a +2 dagger of venom
Missiles
 e - 30 poisoned needles
 l - 5 curare-tipped needles
Armour
 a - a +0 animal skin (worn)
Jewellery
 A - a +2 ring of protection (left claw)
 B - a cursed ring of magical power (right claw)
Wands
 g - a wand of disintegration (24/24)
Scrolls
 h - 2 scrolls of remove curse
 j - a scroll of blinking
Comestibles
 d - 6 bread rations


   Skills:
 + Level 5.9 Fighting
 - Level 2.4 Dodging
 * Level 11.9 Unarmed Combat


You had 8 spell levels left.
You didn't know any spells.

Dungeon Overview and Level Annotations

Branches:
Dungeon (11/15)               Orc (0/2) D:9
 Temple: D:4-7         Lair: D:8-11

Altars:
Gozag
Trog

Shops:
D:9 *

Annotations:
D:10 Joseph


Innate Abilities, Weirdness & Mutations

You are too large for most types of armour.
You have claws for hands.
Your metabolism is lightning-fast.
You like to eat raw meat.
Your natural rate of healing is unusually fast.
You are covered in fur. (AC +1)
You have very tough skin. (AC +2)


Message History

You feel as though you will be slow longer.
The adder bites you but does no damage.
You mangle the hornet!!
You kill the hornet!
Trog accepts your kill.
You are no longer berserk.
You are exhausted.
You feel as though you will be slow longer.
You feel sick. Joseph barely misses you. The adder barely misses you.
Okay, then.
Okay, then.
Adjust (i)tems, (s)pells, or (a)bilities?
Adjust which ability?
No such ability.
Fire/throw which item? (* to show all) (? for menu, Esc to quit)
Okay, then.
It was a potion of agility.
You feel agile all of a sudden.
You feel sick.
Joseph hits you with an uncursed quarterstaff of pain!
* * * LOW HITPOINT WARNING * * *
You writhe in agony.
* * * LOW HITPOINT WARNING * * *
The adder misses you.
You feel much better.
You feel sick. The adder misses you.
Joseph hits you with an uncursed quarterstaff of pain.
You writhe in agony.
The adder bites you but does no damage.
Joseph hits you with an uncursed quarterstaff of pain!
* * * LOW HITPOINT WARNING * * *
You feel better. The adder bites you.
* * * LOW HITPOINT WARNING * * *
The adder misses you.
Joseph hits you with an uncursed quarterstaff of pain!!
* * * LOW HITPOINT WARNING * * *
Okay, then.
You claw Joseph!
Joseph is lightly wounded.
The adder completely misses you.
Joseph hits you with an uncursed quarterstaff of pain!
You die...

..# #.........##........
.# #.##.......#........
#####.#...............#.
#..................#..##
#.###.................#
#.##...........$.....h.
#...............####..
#.###S.†......... #
#..@##.......
#.....@..........
##....#....#.....
#......##.###...
###.<.## ... .. ....
#... . .. .. .... ......
...


You could see Joseph and an adder.

Vanquished Creatures
  A hill giant (D:11)
  A hornet (D:10)
  A wraith (D:10)
  5 yaks (D:11)
  A hungry ghost (D:11)
  2 black bears
  A sky beast (D:5)
  3 ogres
  A necrophage (D:9)
  An orc warrior (D:10)
  An eye of draining (D:11)
  A centaur (D:9)
  2 bullfrogs
  A scorpion (D:6)
  3 killer bees (D:10)
  2 orc priests
  2 hounds
  An orc wizard (D:9)
  2 worker ants
  A hound skeleton (D:4)
  2 worker ant zombies (D:5)
  3 adders
  2 worms
  2 leopard geckos
  16 orcs
  A goblin (D:2)
  A quokka (D:3)
  3 frilled lizards
  2 kobolds (D:3)
  4 rats
69 creatures vanquished.

Notes
Turn   | Place    | Note
-------+----------+-------------------------------------------
     0 | D:1      | glosham the Troll Berserker began the quest for the Orb.
     0 | D:1      | Reached XP level 1. HP: 22/22 MP: 0/0
   176 | D:2      | Reached XP level 2. HP: 29/29 MP: 1/1
   186 | D:2      | You fall through a shaft!
   266 | D:3      | Reached skill level 4 in Unarmed Combat
   297 | D:4      | Reached XP level 3. HP: 36/36 MP: 2/2
   316 | D:4      | Reached skill level 5 in Unarmed Combat
   316 | D:4      | Reached XP level 4. HP: 27/44 MP: 3/3
   372 | D:5      | Entered Level 5 of the Dungeon
   401 | D:5      | Noticed a sky beast
   417 | D:5      | Killed a sky beast
   417 | D:5      | Reached skill level 6 in Unarmed Combat
   417 | D:5      | Reached XP level 5. HP: 9/50 MP: 4/4
   420 | D:5      | Noticed an ice beast
   500 | D:6      | Noticed an ogre
   505 | D:6      | Killed an ogre
   505 | D:6      | Reached ** piety under Trog
   505 | D:6      | Reached skill level 7 in Unarmed Combat
   505 | D:6      | Reached XP level 6. HP: 30/59 MP: 5/5
   506 | D:6      | Found a bloodstained altar of Trog.
   605 | D:5      | Reached skill level 8 in Unarmed Combat
   605 | D:5      | Reached XP level 7. HP: 44/66 MP: 6/6
   730 | D:9      | Reached skill level 3 in Fighting
   779 | D:9      | Reached skill level 9 in Unarmed Combat
   831 | D:9      | Found an opulent altar of Gozag.
   836 | D:9      | Reached XP level 8. HP: 75/75 MP: 7/7
   838 | D:9      | Found Gozag's Platinum Reserve.
   882 | D:10     | Entered Level 10 of the Dungeon
   906 | D:10     | Reached skill level 4 in Fighting
   915 | D:10     | Reached skill level 10 in Unarmed Combat
   969 | D:11     | Reached skill level 5 in Fighting
   969 | D:11     | Reached XP level 9. HP: 45/88 MP: 8/8
   974 | D:11     | Reached skill level 11 in Unarmed Combat
  1030 | D:11     | Noticed a hill giant
  1036 | D:11     | Killed a hill giant
  1101 | D:10     | Noticed Joseph
  1109 | D:10     | Paralysed by a hornet for 2 turns
  1114 | D:10     | Reached *** piety under Trog
  1115 | D:10     | HP: 8/89 [Joseph/uncursed quarterstaff of pain (1)]
  1117 | D:10     | HP: 2/89 [Joseph/uncursed quarterstaff of pain (18)]
  1118 | D:10     | Mangled by Joseph

Skill      XL: |  1  2  3  4  5  6  7  8  9 |
---------------+----------------------------+-----
Unarmed Combat | 4 5 6 7 8 9 10 11 | 11.9
Fighting       | 3 5 |  5.9
Dodging        | |  2.4

Action                   |  1- 3 |  4- 6 |  7- 9 || total
-------------------------+-------+-------+-------++-------
Melee: Unarmed           |    52 |    59 |   102 ||   213
       Punch             |       |       |     4 ||     4
Invok: Berserk           |       |     2 |     4 ||     6
  Use: Scroll            |     5 |     2 |     5 ||    12
       Potion            |       |       |     3 ||     3
 Stab: Sleeping          |     1 |       |       ||     1
  Eat: Chunk             |     8 |     5 |    12 ||    25
Armor: Animal skin       |    12 |    13 |    22 ||    47
Dodge: Dodged            |    21 |    22 |    40 ||    83

Table legend:
 A = Turns spent in this place as a percentage of turns spent in the entire game.
 B = Non-inter-level travel turns spent in this place as a percentage of non-inter-level travel turns spent in the entire game.
 C = Inter-level travel turns spent in this place as a percentage of turns spent in this place.
 D = Turns resting spent in this place as a percentage of non-inter-level travel turns spent in this place.
 E = Turns spent auto-exploring this place as a percentage of non-inter-level travel turns spent in this place.
 F = Non-inter-level travel turns spent in this place divided by the number of levels of this place that you've seen.
                   A       B       C       D       E      F
               +-------+-------+-------+-------+-------+----------------------
         Total | 100.0 | 100.0 |   0.0 |   0.2 |   0.0 |  98.4
       Dungeon | 100.0 | 100.0 |   0.0 |   0.2 |   0.0 |  98.4
               +-------+-------+-------+-------+-------+----------------------

Table legend:
 A = Kills in this place as a percentage of kills in entire the game.
 B = Kills by you in this place as a percentage of kills by you in the entire game.
 C = Kills by friends in this place as a percentage of kills by friends in the entire game.
 D = Other kills in this place as a percentage of other kills in the entire game.
 E = Experience gained in this place as a percentage of experience gained in the entire game.
 F = Experience gained in this place divided by the number of levels of this place that you have seen.
                   A       B       C       D       E      F
               +-------+-------+-------+-------+-------+----------------------
         Total | 100.0 | 100.0 |  -nan |  -nan | 100.0 | 401.8
       Dungeon | 100.0 | 100.0 |  -nan |  -nan | 100.0 | 401.8
               +-------+-------+-------+-------+-------+----------------------

Vault maps used:
D:1:      onia_arrival_mini_spirals, item_on_display_a
D:2:      lemuel_doored_altar, first_bread
D:3:      grunt_qazlal_sundering
D:4:      grunt_temple_overflow_diamond
D:5:      st_stairs_7, okawaru_altar_gauntlet_db
D:6:      old_standard_altar
D:7:      hangedman_decor_points, the_bakery
D:8:      cheibriados_altar_1, lair_0_dummy, basic_altar,
          kb_lookout_dungeons_type
D:9:      nicolae_gozag_zags_fifth_avenue, hiddenorc1_lemuel
D:10:     uniq_joseph, uniq_urug
D:11:     uniq_harold
